[Event "Titled Tuesday Blitz December 06 Late 2022"]
[White "Kleiman, Jake"]
[Black "Pakleza, Zbigniew"]
[WhiteFideId "2020041"]
[BlackFideId "1119290"]
[WhiteElo "2591"]
[BlackElo "2410"]
[Result "1-0"]
[Round "05"]
[TimeControl "180+1"]
[Date "2022.12.06"]
[WhiteClock "0:00:53"]
[BlackClock "0:00:16"]

1. e4 d6 2. d4 Nf6 3. Nc3 c6 4. a4 a5 5. Be3 Qb6 6. Rb1 Ng4 7. Bc1 e5 8. Nf3 Nd7 9. Bc4 Be7 10. O-O O-O 11. h3 Ngf6 12. Re1 h6 13. Ba2 Re8 14. Be3 Qc7 15. Qd2 Nf8 16. Rbd1 Ng6 17. dxe5 Nxe5 18. Nxe5 dxe5 19. Bxh6 gxh6 20. Qxh6 Nh7 21. Bxf7+ Kxf7 22. Qxh7+ Kf8 23. Re3 Bf6 24. Qxc7 1-0


[Site "https://www.chess.com"]

[Event "Titled Tuesday Blitz December 06 Late 2022"]
[White "Kollars, Dmitrij"]
[Black "Ibarra Jerez, Jose Carlos"]
[WhiteFideId "12909572"]
[BlackFideId "2226332"]
[WhiteElo "2584"]
[BlackElo "2638"]
[Result "0-1"]
[Round "05"]
[TimeControl "180+1"]
[Date "2022.12.06"]
[WhiteClock "0:00:01"]
[BlackClock "0:00:41"]

1. d4 Nf6 2. c4 d6 3. Nc3 e5 4. Nf3 e4 5. Ng5 Qe7 6. Qc2 Bf5 7. f3 Nc6 8. d5 Nb8 9. Ngxe4 Bxe4 10. Nxe4 Nxe4 11. fxe4 Nd7 12. g3 g6 13. Bh3 Nc5 14. Bg2 Bg7 15. Rb1 a5 16. O-O O-O 17. Be3 b6 18. Bxc5 bxc5 19. Rf3 Bd4+ 20. Kh1 h5 21. Rb3 Kg7 22. h4 Be5 23. Rf1 Rab8 24. Rb5 Bxg3 25. Qc3+ Be5 26. Qh3 Rxb5 27. cxb5 Bxb2 28. a4 Bf6 29. Kg1 Bb2 30. Qb3 Bd4+ 31. e3 Be5 32. b6 Qxh4 33. Rf3 cxb6 34. Qxb6 Qe1+ 35. Bf1 Qd2 36. Bg2 c4 37. Rf2 Bh2+ 38. Kxh2 Qxf2 39. Qd4+ Kg8 40. e5 dxe5 41. Qxe5 h4 0-1


[Site "https://www.chess.com"]

[Event "Titled Tuesday Blitz December 06 Late 2022"]
[White "Korobov, Anton"]
[Black "Andreikin, Dmitry"]
[WhiteFideId "14105730"]
[BlackFideId "4158814"]
[WhiteElo "2635"]
[BlackElo "2735"]
[Result "0-1"]
[Round "05"]
[TimeControl "180+1"]
[Date "2022.12.06"]
[WhiteClock "0:00:18"]
[BlackClock "0:00:13"]

1. d4 d5 2. c4 e6 3. Nc3 a6 4. cxd5 exd5 5. Bf4 Nf6 6. e3 c5 7. Nge2 Nc6 8. g3 Bg4 9. Bg2 cxd4 10. exd4 Be7 11. O-O O-O 12. h3 Be6 13. Be3 Rc8 14. Nf4 Na5 15. Re1 Qd7 16. Nxe6 fxe6 17. Re2 Nc4 18. Bf4 Nxb2 19. Qb3 Nd3 20. Bd2 Rc4 21. Nxd5 exd5 22. Qxd3 b5 23. Re5 Bd8 24. Rae1 Ne4 25. Bxe4 dxe4 26. R1xe4 Bf6 27. Bf4 Bxe5 28. Bxe5 Qxh3 29. Re1 Qf5 30. Qxf5 Rxf5 31. f4 Rc2 32. d5 Rh5 33. d6 Rhh2 34. Bd4 Rcg2+ 35. Kf1 Rd2 36. Re8+ Kf7 37. Re7+ Kg6 38. Rxg7+ Kf5 39. Rg5+ Ke4 40. Bg1 Rd1# 0-1


[Site "https://www.chess.com"]

[Event "Titled Tuesday Blitz December 06 Late 2022"]
[White "Lopez Gracia, Fernando"]
[Black "Liu, Kelsey"]
[WhiteFideId "2207184"]
[BlackFideId "30944481"]
[WhiteElo "2424"]
[BlackElo "2279"]
[Result "1-0"]
[Round "05"]
[TimeControl "180+1"]
[Date "2022.12.07"]
[WhiteClock "0:00:37"]
[BlackClock "0:00:04"]

1. c4 Nf6 2. Nc3 e6 3. e4 d5 4. e5 Nfd7 5. d4 c6 6. f4 Be7 7. Nf3 Nb6 8. c5 N6d7 9. Be3 a5 10. a3 b6 11. b4 bxc5 12. bxc5 Ba6 13. Bxa6 Nxa6 14. O-O Qc7 15. Rb1 O-O 16. Qd2 Rfb8 17. Na4 Rb5 18. Nc3 Rbb8 19. Rfc1 Bd8 20. Na4 Qa7 21. Ne1 Rb5 22. Nc3 Rbb8 23. Nd3 Nc7 24. a4 Na6 25. Na2 Rb7 26. Rxb7 Qxb7 27. Rc2 Nb4 28. Rb2 Qa7 29. Ndxb4 axb4 30. Nxb4 Ba5 31. Qc2 Qc7 32. Bd2 Nb8 33. Qb1 g6 34. Nxd5 cxd5 35. Bxa5 Rxa5 36. Rxb8+ Kg7 37. Rb4 Qa7 38. Qc2 Qa6 39. c6 Qc8 40. Rb5 Ra6 41. c7 Ra8 42. Qc6 1-0


[Site "https://www.chess.com"]

[Event "Titled Tuesday Blitz December 06 Late 2022"]
[White "Maghsoodloo, Parham"]
[Black "Bortnyk, Olexandr"]
[WhiteFideId "12539929"]
[BlackFideId "14120828"]
[WhiteElo "2672"]
[BlackElo "2723"]
[Result "1-0"]
[Round "05"]
[TimeControl "180+1"]
[Date "2022.12.06"]
[WhiteClock "0:00:13"]
[BlackClock "0:00:14"]

1. d4 d6 2. c4 e5 3. Nf3 e4 4. Ng5 f5 5. h4 Be7 6. Nc3 Nf6 7. Nh3 c6 8. Bg5 Be6 9. e3 O-O 10. Nf4 Bf7 11. Be2 Nbd7 12. Rc1 Rc8 13. b4 a6 14. a4 h6 15. Bxf6 Nxf6 16. h5 Qd7 17. c5 Rfd8 18. a5 Qc7 19. Na4 Re8 20. g4 fxg4 21. Bxg4 Nxg4 22. Qxg4 Bg5 23. Rg1 Rcd8 24. cxd6 Rxd6 25. Rc5 Qe7 26. Rxg5 hxg5 27. Qxg5 Qxg5 28. Rxg5 Rf6 29. Nc5 Re7 30. Re5 Rxe5 31. dxe5 Rf5 32. e6 Bxh5 33. Nxe4 Re5 34. Nc5 Bg4 35. e4 Rg5 36. Nfd3 Kf8 37. f4 Rh5 38. Ne5 Bh3 39. f5 Bxf5 40. exf5 Rxf5 41. Ng6+ Ke8 42. Nxb7 Rd5 43. Ke2 Rd4 44. Ke3 c5 45. bxc5 Re4+ 46. Kf3 Rxe6 47. Nd6+ Kd8 48. Nf4 Re1 49. Nd3 Ra1 50. Ke4 Kc7 51. Ne8+ Kc6 52. Nxg7 Rxa5 53. Ne6 Ra4+ 54. Nd4+ Kb7 55. Kd5 Ra5 56. Ne5 Rxc5+ 57. Kxc5 a5 58. Nc4 a4 59. Na3 Kc7 60. Ne6+ Kd7 61. Kd5 Ke7 62. Ke5 Kd7 63. Nd4 Ke7 64. Nc6+ Kd7 65. Kd5 Kc7 66. Ne5 Kd8 67. Ke6 Ke8 68. Nd7 Kd8 69. Nf6 Kc7 70. Kd5 Kb6 71. Kd6 Kb7 72. Nd5 Kc8 73. Ke7 Kb8 74. Kd7 Kb7 75. Kd6 Kc8 76. Ke7 Kb8 77. Kd8 Kb7 78. Kd7 Kb8 79. Ne3 Kb7 80. Nec4 Kb8 81. Nd6 Ka7 82. Kc7 Ka6 83. Nb7 Ka7 84. Nc5 Ka8 85. Nc4 a3 86. Nb6+ Ka7 87. Nc8+ Ka8 88. Nd7 a2 89. Ndb6# 1-0


[Site "https://www.chess.com"]

[Event "Titled Tuesday Blitz December 06 Late 2022"]
[White "Mahdavi, Reza"]
[Black "Godzwon, Iwo"]
[WhiteFideId "12595926"]
[BlackFideId "21802483"]
[WhiteElo "2242"]
[BlackElo "2284"]
[Result "0-1"]
[Round "05"]
[TimeControl "180+1"]
[Date "2022.12.07"]
[WhiteClock "0:00:18"]
[BlackClock "0:00:04"]

1. e4 c5 2. Nf3 e6 3. c3 Nf6 4. e5 Nd5 5. g3 d6 6. exd6 Bxd6 7. Bg2 Nc6 8. O-O O-O 9. d4 cxd4 10. Nxd4 Nxd4 11. Qxd4 Qf6 12. Qxf6 Nxf6 13. Rd1 Bc7 14. Be3 e5 15. Na3 Bg4 16. Rd2 e4 17. Nb5 Be5 18. h3 Bd7 19. Nxa7 Bb8 20. Rxd7 Nxd7 21. Nb5 f5 22. Rd1 Ne5 23. a3 Nd3 24. Bf1 Nxb2 25. Rd7 Be5 26. Rxb7 Rfc8 27. Rd7 Nc4 28. Bd4 Bxd4 29. Nxd4 g6 30. g4 Ne5 31. Rd5 Nf3+ 32. Nxf3 exf3 33. gxf5 Rxc3 34. fxg6 hxg6 35. Kh2 Raxa3 36. Kg3 Kg7 37. Rd6 Kh6 38. h4 Ra1 39. Bd3 Rg1+ 40. Kxf3 Kh5 41. Rd4 Rc5 42. Rd8 Kxh4 43. Kf4 Rg4+ 44. Ke3 Rc6 45. Rh8+ Kg5 46. Rf8 Re6+ 47. Kd2 Rf4 48. Rg8 Rxf2+ 49. Kc3 Rf3 50. Kc4 Rff6 51. Kd4 Kf4 52. Bc4 Rd6+ 53. Kc3 g5 54. Rh8 g4 55. Rh1 Rh6 56. Rg1 Rh3+ 57. Kb4 Rg3 58. Kc5 Rxg1 0-1


[Site "https://www.chess.com"]

[Event "Titled Tuesday Blitz December 06 Late 2022"]
[White "Makridis, Dimitrios"]
[Black "Dimitrov, Atanas"]
[WhiteFideId "25864475"]
[BlackFideId "2901315"]
[WhiteElo "2272"]
[BlackElo "2614"]
[Result "1-0"]
[Round "05"]
[TimeControl "180+1"]
[Date "2022.12.06"]
[WhiteClock "0:00:09"]
[BlackClock "0:00:05"]

1. e4 c5 2. Nf3 d6 3. d4 cxd4 4. Nxd4 Nf6 5. Nc3 g6 6. Be3 Bg7 7. f3 O-O 8. Qd2 Nc6 9. O-O-O Bd7 10. h4 h5 11. Kb1 Ne5 12. Bh6 Rc8 13. g4 Nc4 14. Bxc4 Rxc4 15. Bxg7 Kxg7 16. g5 Ne8 17. f4 Bg4 18. Rdf1 Qb6 19. Nb3 e6 20. Qd3 Rc8 21. Nd4 Nc7 22. f5 e5 23. Nb3 Rcd8 24. Rh2 d5 25. f6+ Kg8 26. exd5 Ne6 27. Qe4 Nd4 28. Qxe5 Nf3 29. Qf4 Nxh2 30. Qxh2 Rfe8 31. a3 Qe3 32. Ka2 a6 33. Rf2 Rc8 34. d6 Rxc3 35. bxc3 Qxc3 36. Qf4 Be6 37. Qd2 Qg3 38. Rf1 Rd8 39. Rd1 Qxh4 40. Kb1 Qc4 41. Qb4 Qc6 42. Na5 Qf3 43. Rd3 Qf1+ 44. Kb2 b5 45. Nc6 Rd7 46. Ne7+ Kh7 47. Qc5 Qf5 48. Nxf5 Bxf5 49. Re3 Rd8 50. Re7 Kg8 51. Rxf7 Rf8 52. Rg7+ 1-0


[Site "https://www.chess.com"]

[Event "Titled Tuesday Blitz December 06 Late 2022"]
[White "Maksimovic, Bojan"]
[Black "Sukandar, Irine Kharisma"]
[WhiteFideId "14408120"]
[BlackFideId "7101937"]
[WhiteElo "2462"]
[BlackElo "2301"]
[Result "1-0"]
[Round "05"]
[TimeControl "180+1"]
[Date "2022.12.07"]
[WhiteClock "0:00:33"]
[BlackClock "0:00:01"]

1. d4 Nf6 2. c4 e6 3. Nf3 b6 4. a3 d5 5. cxd5 exd5 6. Bf4 Bd6 7. Bxd6 Qxd6 8. e3 O-O 9. Nc3 Bg4 10. Be2 c5 11. O-O Nc6 12. Rc1 Bxf3 13. Bxf3 cxd4 14. Nb5 Qd7 15. Nxd4 Rac8 16. Nxc6 Rxc6 17. Qd4 Rfc8 18. Rxc6 Qxc6 19. Rd1 h6 20. g3 Qb5 21. Kg2 Rc2 22. Rd2 Rxd2 23. Qxd2 Qc4 24. h3 Ne4 25. Qd1 g6 26. h4 h5 27. Be2 Qc5 28. Qd3 Qd6 29. Bf3 Qe5 30. b4 a5 31. bxa5 bxa5 32. Qb5 Qf5 33. Qxa5 Nf6 34. a4 g5 35. hxg5 Qxg5 36. Qb4 Qe5 37. Qd4 Qd6 38. a5 Kg7 39. Qb6 Qa3 40. a6 1-0


[Site "https://www.chess.com"]

[Event "Titled Tuesday Blitz December 06 Late 2022"]
[White "Manukyan, Sargis A."]
[Black "Arnold, Ken"]
[WhiteFideId "13303970"]
[BlackFideId "2056836"]
[WhiteElo "2187"]
[BlackElo "2421"]
[Result "1-0"]
[Round "05"]
[TimeControl "180+1"]
[Date "2022.12.07"]
[WhiteClock "0:01:20"]
[BlackClock "0:00:04"]

1. Nf3 d5 2. g3 Nf6 3. Bg2 c6 4. O-O Bf5 5. d4 e6 6. c4 Nbd7 7. Nc3 Bd6 8. Nd2 O-O 9. e4 dxe4 10. Ndxe4 Nxe4 11. Nxe4 Bxe4 12. Bxe4 Nf6 13. Bc2 Re8 14. Be3 Bf8 15. Qe2 g6 16. Rfd1 Bg7 17. Rd2 Qd7 18. Rad1 h5 19. Bg5 Nh7 20. Bf4 a6 21. h4 Rac8 22. Qf3 Nf8 23. Be5 Qe7 24. Bf4 Red8 25. Bg5 f6 26. Be3 Rd7 27. d5 cxd5 28. cxd5 exd5 29. Rxd5 Rxc2 30. Rxd7 Nxd7 31. Qxb7 Qe6 32. Rxd7 Bf8 33. Rd8 Qf7 34. Qa8 Rc7 35. Bh6 Kh7 36. Rxf8 1-0


[Site "https://www.chess.com"]

[Event "Titled Tuesday Blitz December 06 Late 2022"]
[White "Manukyan, Sargis A."]
[Black "Tanenbaum, Zachary"]
[WhiteFideId "13303970"]
[BlackFideId "2060850"]
[WhiteElo "2187"]
[BlackElo "2175"]
[Result "0-1"]
[Round "05"]
[TimeControl "180+1"]
[Date "2022.12.07"]
[WhiteClock "0:00:01"]
[BlackClock "0:00:07"]

1. d4 d5 2. c4 dxc4 3. e4 b5 4. a4 c6 5. Na3 a6 6. d5 cxd5 7. axb5 axb5 8. Qxd5 Qxd5 9. exd5 Bb7 10. Rb1 Ba6 11. b3 Nf6 12. bxc4 bxc4 13. Nxc4 Nxd5 14. Nf3 e6 15. Ne3 Bb4+ 16. Bd2 Nxe3 17. fxe3 Bxf1 18. Rxf1 Bxd2+ 19. Nxd2 O-O 20. Ke2 Nc6 21. Rb2 Ne5 22. Nf3 Nc4 23. Rc2 Nd6 24. Nd4 h6 25. Kf3 Rfc8 26. Rfc1 Rxc2 27. Rxc2 Rc8 28. Ra2 Rc3 29. Ke2 Nc4 30. Nc2 Kh7 31. e4 Nd6 32. e5 Nc4 33. Nd4 Nxe5 34. Ra5 Re3+ 35. Kxe3 Nc4+ 36. Kd3 Nxa5 37. Kc3 Kg6 38. Kb4 Nb7 39. Nb5 f5 40. Kc4 Kf6 41. Kd4 g5 42. g3 Nd8 43. Kc5 Nf7 44. Kd4 Ne5 45. h3 h5 46. Nd6 Ng6 47. Ne8+ Kf7 48. Nd6+ Ke7 49. Nc4 h4 50. gxh4 Nxh4 51. Ne5 Ng2 52. Nf3 Kf6 53. Ng1 e5+ 54. Kd3 Nf4+ 55. Ke3 e4 56. Kf2 Ke5 57. Ke3 Nd5+ 58. Kf2 Nc3 59. Kg3 e3 60. Nf3+ Kf6 61. h4 gxh4+ 62. Nxh4 Ke5 63. Kf3 e2 64. Kf2 Ke4 65. Nf3 Kd3 66. Nh4 Kd2 67. Nf3+ Kd1 68. Kg3 Nd5 69. Kf2 Nf6 70. Ne1 Ne4+ 71. Kg2 Kxe1 0-1


[Site "https://www.chess.com"]

[Event "Titled Tuesday Blitz December 06 Late 2022"]
[White "Marchesich, Giovanni"]
[Black "Spyropoulos, Nikolaos"]
[WhiteFideId "2824790"]
[BlackFideId "4298977"]
[WhiteElo "2200"]
[BlackElo "2336"]
[Result "0-1"]
[Round "05"]
[TimeControl "180+1"]
[Date "2022.12.07"]
[WhiteClock "0:00:01"]
[BlackClock "0:00:02"]

1. d4 Nf6 2. Nc3 d5 3. Bf4 c5 4. e4 e6 5. dxc5 Bxc5 6. Bb5+ Nc6 7. e5 Nd7 8. Qg4 g6 9. Nf3 h5 10. Qg3 Qa5 11. O-O Nd4 12. Nxd4 Bxd4 13. Bxd7+ Bxd7 14. Ne2 Bc5 15. c3 Be7 16. Nd4 h4 17. Qe3 Qd8 18. h3 g5 19. Bh2 Qb6 20. b4 O-O-O 21. a4 Kb8 22. Rfb1 Rhg8 23. f3 Rc8 24. Kh1 Rc4 25. Bg1 f5 26. a5 Qc7 27. Ne2 Bb5 28. Qxa7+ Kc8 29. Bb6 Qb8 30. Qxb8+ Kxb8 31. Nd4 Bd7 32. Rc1 Rgc8 33. Ne2 Bf8 34. Bd4 Bb5 35. Ng1 Bxb4 36. Rcb1 Rxd4 37. cxd4 Bc3 38. Ra2 Ba6 39. Rc2 Bxd4 40. Rxc8+ Kxc8 41. Rd1 Bxe5 42. Re1 Bd6 43. Rxe6 Kd7 44. Rg6 Bf4 45. Rg7+ Kc6 46. Rg6+ Kc5 47. g3 hxg3 48. Kg2 d4 49. Rf6 d3 50. Rxf5+ Kd4 51. h4 d2 52. hxg5 d1=Q 53. Rxf4+ Ke5 54. Rg4 Qf1+ 55. Kh1 Be2 56. Re4+ Kf5 57. Rxe2 Kxg5 58. Rg2 Kf4 59. Rc2 Qb1 60. Rc4+ Ke3 61. Rc3+ Kf2 62. Rc1 Qh7+ 0-1


[Site "https://www.chess.com"]

[Event "Titled Tuesday Blitz December 06 Late 2022"]
[White "Martinez Alcantara, Jose Eduardo"]
[Black "Paravyan, David"]
[WhiteFideId "3805662"]
[BlackFideId "4194985"]
[WhiteElo "2707"]
[BlackElo "2551"]
[Result "1-0"]
[Round "05"]
[TimeControl "180+1"]
[Date "2022.12.06"]
[WhiteClock "0:00:02"]
[BlackClock "0:00:02"]

1. e4 e5 2. Nf3 Nf6 3. Nxe5 d6 4. Nf3 Nxe4 5. d4 d5 6. Bd3 Bd6 7. O-O O-O 8. c4 c6 9. cxd5 cxd5 10. Nc3 Nxc3 11. bxc3 Bg4 12. Rb1 Nd7 13. h3 Bh5 14. Rxb7 Nb6 15. Ba6 Re8 16. Qd3 Bg6 17. Qb5 h6 18. Kh1 Bf5 19. a4 Bd7 20. Qd3 Bc6 21. a5 Nc4 22. Rb1 Qxa5 23. Bb7 Bxb7 24. Rxb7 Reb8 25. Rxb8+ Rxb8 26. Nh4 Bf8 27. Bxh6 Rb2 28. Qg3 Qb6 29. Bc1 Rb1 30. Nf5 Qg6 31. Qf4 Nd6 32. Ng3 Ne4 33. Ne2 Qa6 34. Re1 Qd3 35. Kg1 Bd6 36. Qf3 Qxf3 37. gxf3 Ng5 38. Kg2 Ne6 39. Bd2 Rb2 40. Rd1 a5 41. Kf1 a4 42. Be3 a3 43. Ra1 Rc2 44. Bc1 a2 45. Ke1 1-0


[Site "https://www.chess.com"]

[Event "Titled Tuesday Blitz December 06 Late 2022"]
[White "Martinez Reyes, Pedro Ramon"]
[Black "Curtis, John"]
[WhiteFideId "3901807"]
[BlackFideId "3200256"]
[WhiteElo "2354"]
[BlackElo "2203"]
[Result "1-0"]
[Round "05"]
[TimeControl "180+1"]
[Date "2022.12.07"]
[WhiteClock "0:01:20"]
[BlackClock "0:01:06"]

1. f4 d6 2. Nf3 Bg4 3. e4 e5 4. fxe5 dxe5 5. Bc4 Bxf3 6. Qxf3 Nf6 7. Qb3 Qe7 8. Qxb7 Qc5 9. Qxa8 Qb6 10. Nc3 c6 11. d3 Bb4 12. Ke2 Ng4 13. Rf1 O-O 14. h3 Nf6 15. Be3 Bc5 16. Na4 Bxe3 17. Nxb6 Bxb6 18. Rxf6 gxf6 19. Rf1 Kg7 20. Qb7 h6 21. a4 Bc5 22. b4 Bd6 23. c3 a5 24. bxa5 Ba3 25. a6 Nxa6 26. Bxa6 Bb2 27. Qxb2 1-0


[Site "https://www.chess.com"]

[Event "Titled Tuesday Blitz December 06 Late 2022"]
[White "Matinian, Nikita"]
[Black "Dardha, Daniel"]
[WhiteFideId "24129100"]
[BlackFideId "240990"]
[WhiteElo "2422"]
[BlackElo "2528"]
[Result "0-1"]
[Round "05"]
[TimeControl "180+1"]
[Date "2022.12.06"]
[WhiteClock "0:00:03"]
[BlackClock "0:00:06"]

1. e4 c6 2. d4 d5 3. e5 Bf5 4. Nf3 e6 5. Be2 c5 6. Be3 cxd4 7. Nxd4 Ne7 8. Nd2 Nbc6 9. N2f3 h6 10. O-O Bh7 11. c4 dxc4 12. Bxc4 a6 13. Rc1 Rc8 14. Qb3 b5 15. Nxb5 axb5 16. Bxb5 Be4 17. Rfd1 Bd5 18. Qa4 Ra8 19. Rxd5 Qc8 20. Bxc6+ Qxc6 21. Rxc6 Rxa4 22. Rd4 Rxd4 23. Nxd4 Nxc6 24. Nxc6 Kd7 25. Na5 Be7 26. Nc4 Kc6 27. Kf1 Ra8 28. a3 Bc5 29. Ke2 Kd5 30. Kd3 Bxe3 31. fxe3 Kc5 32. Kc3 f5 33. b4+ Kc6 34. Kb3 Rd8 35. Nd6 Kd5 36. a4 Rb8 37. Nc4 g5 38. a5 f4 39. exf4 gxf4 40. Nb6+ Kc6 41. Kc4 Rg8 42. b5+ Kc7 43. Na4 Rxg2 44. Nc5 f3 45. b6+ Kc6 46. b7 Rb2 47. a6 f2 48. Kc3 f1=Q 49. Kxb2 Qb5+ 50. Nb3 Kc7 51. Kc3 Qxa6 52. Nc5 Qc6 53. Kb4 Qd5 54. h3 Qd4+ 55. Kb5 Qxe5 56. h4 h5 0-1


[Site "https://www.chess.com"]

[Event "Titled Tuesday Blitz December 06 Late 2022"]
[White "Melikyan, Gnel"]
[Black "Storey, Charles H"]
[WhiteFideId "54109990"]
[BlackFideId "406686"]
[WhiteElo "2138"]
[BlackElo "2251"]
[Result "1-0"]
[Round "05"]
[TimeControl "180+1"]
[Date "2022.12.07"]
[WhiteClock "0:00:11"]
[BlackClock "0:00:15"]

1. a3 g6 2. e4 Bg7 3. d4 c5 4. dxc5 b6 5. cxb6 Qxb6 6. c3 Bb7 7. Bd3 Nf6 8. f3 O-O 9. Ne2 d5 10. exd5 Nxd5 11. c4 Ne3 12. Bxe3 Qxe3 13. Qd2 Qxd2+ 14. Nxd2 Rd8 15. Bc2 Nc6 16. O-O-O Ba6 17. b4 Nd4 18. Nxd4 Rxd4 19. c5 Bh6 20. g3 Be2 21. f4 Bxd1 22. Rxd1 e5 23. Ne4 Rxd1+ 24. Kxd1 exf4 25. b5 f3 26. c6 Rd8+ 27. Ke1 Bf8 28. Kf2 Bxa3 29. Kxf3 f5 30. Ng5 Be7 31. Bb3+ Kf8 32. Ne6+ Ke8 33. Nc7+ Kf8 34. Ne6+ Ke8 35. c7 Rd3+ 36. Ke2 Rc3 37. b6 axb6 38. Ba4+ Kf7 39. Nd8+ Kf6 40. Nc6 1-0


[Site "https://www.chess.com"]

[Event "Titled Tuesday Blitz December 06 Late 2022"]
[White "Moksh Amit Doshi"]
[Black "Burke, Paul"]
[WhiteFideId "25064967"]
[BlackFideId "2605767"]
[WhiteElo "2297"]
[BlackElo "1890"]
[Result "1-0"]
[Round "05"]
[TimeControl "180+1"]
[Date "2022.12.07"]
[WhiteClock "0:00:20"]
[BlackClock "0:00:08"]

1. e4 e5 2. Nf3 Nc6 3. Bb5 f5 4. d3 Nf6 5. exf5 Be7 6. O-O O-O 7. Bg5 d6 8. Nc3 Bxf5 9. d4 e4 10. Nh4 Bg4 11. Qd2 d5 12. f3 exf3 13. Nxf3 h6 14. Bh4 Ne4 15. Bxe7 Nxe7 16. Nxe4 dxe4 17. Ne5 Be6 18. c3 c6 19. Ba4 Nd5 20. Bc2 Rxf1+ 21. Rxf1 Nf6 22. Qf4 Qb6 23. b3 c5 24. Bxe4 cxd4 25. c4 d3+ 26. Kh1 d2 27. Bc2 Rd8 28. Rd1 Qd4 29. Qxd4 Rxd4 30. Nf3 Rd8 31. Rxd2 Rxd2 32. Nxd2 Ng4 33. Kg1 Ne3 34. Be4 Nd1 35. Bxb7 Nc3 36. a4 1-0


[Site "https://www.chess.com"]

[Event "Titled Tuesday Blitz December 06 Late 2022"]
[White "Moral Garcia, Serafin"]
[Black "Mikaelyan, Arman"]
[WhiteFideId "2201925"]
[BlackFideId "13304852"]
[WhiteElo "2259"]
[BlackElo "2456"]
[Result "1-0"]
[Round "05"]
[TimeControl "180+1"]
[Date "2022.12.07"]
[WhiteClock "0:00:06"]
[BlackClock "0:00:02"]

1. c4 Nf6 2. Nc3 c5 3. g3 g6 4. Bg2 Bg7 5. a3 Nc6 6. Rb1 O-O 7. b4 d6 8. d3 cxb4 9. axb4 Bd7 10. e3 Bf5 11. Nge2 Ne5 12. e4 Bg4 13. O-O Qd7 14. f3 Bh3 15. Be3 Bxg2 16. Kxg2 a6 17. b5 axb5 18. Rxb5 Ra3 19. Qc2 Rb8 20. Rfb1 Nc6 21. Qb2 Raa8 22. Rxb7 Rxb7 23. Qxb7 Qxb7 24. Rxb7 Bf8 25. Kf2 Ne5 26. Nc1 Ra3 27. Bd2 Nfd7 28. Ke2 Nc5 29. Rb8 Nc6 30. Rc8 Nd4+ 31. Kd1 Kg7 32. f4 Ra1 33. Ne2 e5 34. Nxd4 exd4 35. Kc2 h5 36. Bb4 Ne6 37. Kb2 Ra4 38. Na2 Nc5 39. Bxc5 dxc5 40. Nc1 h4 41. Nb3 Rb4 42. Ka3 h3 43. Ra8 Rb7 44. Ra5 f5 45. e5 g5 46. Rb5 Ra7+ 47. Kb2 gxf4 48. gxf4 Rc7 49. Rb6 Kh7 50. Rf6 Bh6 51. Rxf5 Rg7 52. Rh5 Rg2+ 53. Ka3 Rxh2 54. Nxc5 Kg6 55. Rh4 Rh1 56. Ne4 Bf8+ 57. Ka4 Be7 58. Rg4+ Kf5 59. Rg7 Kxf4 60. Rxe7 Ra1+ 61. Kb5 h2 62. Rh7 h1=Q 63. Rxh1 Rxh1 64. e6 Rh7 65. Nc5 Ke5 66. Kc6 Re7 67. Kb6 Kd6 68. Kb5 Rc7 69. Nb3 Rb7+ 70. Ka4 Ra7+ 71. Kb4 Kxe6 72. Nxd4+ Kd7 73. Nb5 Ra1 74. d4 Rb1+ 75. Kc5 Rh1 76. d5 Rh5 77. Nd4 Rh4 78. Nc6 Rh5 79. Nb4 Rg5 80. Kb5 Rg4 81. c5 Rg5 82. Kc4 Rg4+ 83. Kc3 Rg5 84. Kc4 Rg4+ 85. Kb5 Rg5 86. d6 Rg4 87. Nd5 Rd4 88. Nb6+ Kd8 89. Kc6 Rd1 90. Nc4 Ra1 91. Kb7 Rb1+ 92. Nb6 Rd1 93. c6 Rxd6 94. c7+ Ke7 95. c8=Q Rd8 96. Qc7+ Ke8 97. Kc6 Rd1 98. Qe5+ Kf7 99. Qf4+ Ke8 100. Qe4+ Kd8 101. Qh4+ Ke8 102. Qh5+ Ke7 103. Qxd1 1-0


[Site "https://www.chess.com"]

[Event "Titled Tuesday Blitz December 06 Late 2022"]
[White "Nazari, Arad"]
[Black "Goncalves, Davi Sulzbacher"]
[WhiteFideId "12577324"]
[BlackFideId "2154510"]
[WhiteElo "2264"]
[BlackElo "2182"]
[Result "0-1"]
[Round "05"]
[TimeControl "180+1"]
[Date "2022.12.07"]
[WhiteClock "0:01:00"]
[BlackClock "0:00:33"]

1. e4 c5 2. Nf3 e6 3. b3 d5 4. Bb5+ Bd7 5. Bxd7+ Nxd7 6. exd5 exd5 7. O-O Ngf6 8. Re1+ Be7 9. Qe2 Nf8 10. d4 Ne6 11. Ng5 Nxd4 12. Qd3 O-O 13. Nc3 h6 14. Nh3 Re8 15. Nf4 Bd6 16. Rxe8+ Qxe8 17. Be3 Qe5 18. Re1 Re8 19. g3 Nf3+ 20. Kf1 Nxe1 21. Qb5 Qxc3 22. Nxd5 Qe5 23. Nxf6+ gxf6 24. Kxe1 a6 25. Qxb7 Qc3+ 26. Kf1 Qxc2 27. Qxa6 Qd1+ 28. Kg2 Qd5+ 29. Kg1 Ra8 30. Qe2 Qe4 31. Qd2 Bf8 32. h4 Qb1+ 33. Kg2 Rxa2 34. Qd5 Ra1 35. Kh2 Qg1+ 36. Kh3 Qh1+ 37. Qxh1 Rxh1+ 38. Kg4 Rb1 39. Kf5 Rxb3 40. Kxf6 c4 41. Ke5 c3 42. Bc1 c2 43. Ke4 Rb1 0-1


[Site "https://www.chess.com"]

[Event "Titled Tuesday Blitz December 06 Late 2022"]
[White "Omelja, Artem"]
[Black "Christiansen, Johan-Sebastian"]
[WhiteFideId "14119846"]
[BlackFideId "1512668"]
[WhiteElo "2404"]
[BlackElo "2501"]
[Result "0-1"]
[Round "05"]
[TimeControl "180+1"]
[Date "2022.12.07"]
[WhiteClock "0:00:02"]
[BlackClock "0:00:17"]

1. e4 e5 2. Nf3 Nc6 3. Nc3 Nf6 4. d4 Bb4 5. Nxe5 Nxe4 6. Nxc6 dxc6 7. Qd3 O-O 8. Bd2 Bf5 9. Nxe4 Bxe4 10. Qc4 Bxd2+ 11. Kxd2 Qg5+ 12. Kc3 Rad8 13. b3 b5 14. Qc5 Rd5 15. Qxa7 Qf6 16. Rd1 c5 17. Kb2 Rxd4 18. Rxd4 Qxd4+ 19. Kc1 Rd8 20. Bd3 Bxd3 21. cxd3 Qc3+ 22. Kb1 Qxd3+ 23. Ka1 Qd4+ 24. Kb1 Qe4+ 25. Ka1 Qe5+ 26. Kb1 h5 27. Qa5 b4 28. Rc1 Rd2 29. Qa8+ Kh7 30. Rc2 Qf5 0-1


[Site "https://www.chess.com"]

[Event "Titled Tuesday Blitz December 06 Late 2022"]
[White "Oro, Faustino"]
[Black "Quizon, Daniel"]
[WhiteFideId "20000197"]
[BlackFideId "5217911"]
[WhiteElo "1984"]
[BlackElo "2385"]
[Result "0-1"]
[Round "05"]
[TimeControl "180+1"]
[Date "2022.12.06"]
[WhiteClock "0:00:02"]
[BlackClock "0:00:10"]

1. e4 c5 2. Nf3 d6 3. d4 cxd4 4. Nxd4 Nf6 5. Nc3 a6 6. f3 e5 7. Nb3 Be6 8. Be3 Be7 9. Qd2 O-O 10. O-O-O b5 11. g4 Nbd7 12. g5 Nh5 13. Ne2 Rc8 14. Kb1 Nb6 15. Ng3 Nf4 16. Bxf4 exf4 17. Qxf4 Bxg5 18. Qxd6 Na4 19. Be2 Bf6 20. c3 Qe8 21. e5 Bxb3 22. axb3 Bxe5 23. Qxa6 Nxb2 24. Bxb5 Nxd1 25. Bxe8 Nxc3+ 26. Kc2 Nd5+ 27. Kd2 Bf4+ 28. Kd1 Rfxe8 29. Ne4 f5 30. Nd6 Nc3+ 31. Kc2 Bxd6 32. Kb2 Be5 33. Re1 Ne2+ 34. Ka3 Ra8 0-1


[Site "https://www.chess.com"]

[Event "Titled Tuesday Blitz December 06 Late 2022"]
[White "Papayan, Oleg"]
[Black "O`Gorman, Tom"]
[WhiteFideId "4193911"]
[BlackFideId "2508249"]
[WhiteElo "2153"]
[BlackElo "2271"]
[Result "0-1"]
[Round "05"]
[TimeControl "180+1"]
[Date "2022.12.07"]
[WhiteClock "0:00:02"]
[BlackClock "0:01:06"]

1. e4 c5 2. Nf3 d6 3. d4 cxd4 4. Qxd4 Nf6 5. Nc3 Nc6 6. Bb5 Bd7 7. Bxc6 Bxc6 8. Bg5 e6 9. O-O-O Be7 10. Rhe1 h6 11. Bh4 Rc8 12. Kb1 Qc7 13. e5 dxe5 14. Nxe5 O-O 15. Nxc6 Qxc6 16. Qxa7 Qxg2 17. Rg1 Qxh2 18. Bg3 Qh5 19. Qxb7 Rfe8 20. Qb5 Rc5 21. Qe2 Rec8 22. Qxh5 Nxh5 23. Bd6 Bxd6 24. Rxd6 Nf4 25. a4 g5 26. Rb6 Kg7 27. Rb5 Rxc3 28. bxc3 Ne2 29. Rg4 Nxc3+ 30. Kb2 Nxb5 31. axb5 Kf6 32. b6 Ke7 33. Rd4 Rb8 34. Rb4 Kd6 35. c4 Kc5 36. Rb5+ Kxc4 37. Rb3 Kc5 38. Kc3 Rxb6 0-1


[Site "https://www.chess.com"]